 Dungeon Crawl Stone Soup version 0.32-a0-350-g4f4d228785 (webtiles) character file.

Game seed: 3478896437215678588

431 n00bmints the Trooper (level 6, -4/56 HPs)
             Began as a Minotaur Berserker on Feb 17, 2024.
             Was a Believer of Trog.
             Slain by a raiju (7 damage)
             ... on level 1 of the Abyss.
             The game lasted 00:14:22 (3216 turns).

n00bmints the Trooper (Minotaur Berserker)          Turns: 3216, Time: 00:14:28

Health: -4/56      AC: 15    Str: 24    XL:     6   Next: 66%
Magic:  5/5        EV:  7    Int:  4    God:    Trog [**....]
Gold:   194        SH:  0    Dex:  9    Spells: 5/5 levels left

rFire   . . .        q - +1 hand axe (heavy)
rCold   . . .        (no shield)
rNeg    . . .        s - +0 plate armour
rPois   .            (helmet restricted)
rElec   .            w - +2 cloak {Will+}
rCorr   .            (no gloves)
SInv    .            (no boots)
Will    +++..        e - amulet of the acrobat Stlth
                     (no ring)
HPRegen 1.29/turn    (no ring)
MPRegen 0.09/turn

%: acrobat
@: strong-willed, regenerating
A: horns 2, retaliatory headbutt
a: Renounce Religion, Berserk, Trog's Hand


You were on level 1 of the Abyss.
You worshipped Trog.
Trog was pleased with you.
You visited 1 branch of the dungeon, and saw 4 of its levels.
You visited the Abyss 1 time.

You collected 194 gold pieces.

Inventory:

Hand Weapons
 a - a +0 mace
 q - a +1 heavy hand axe (weapon)
 v - a +3 hammer
Armour
 s - a +0 plate armour (worn)
 w - a +2 cloak of willpower (worn)
Jewellery
 e - an amulet of the acrobat (around neck)
Talismans
 t - a maw talisman
Wands
 r - a wand of roots (12)
Scrolls
 g - a scroll of fog {unknown}
 h - a scroll of silence {unknown}
 i - a scroll of enchant weapon {unknown}
 j - 2 scrolls of fear
 k - a scroll of torment {unknown}
 m - a scroll of immolation
 n - a scroll of poison
 p - a scroll of blinking {unknown}
 x - a scroll of amnesia {unknown}
 y - 2 scrolls of vulnerability
 B - a scroll of enchant armour {unknown}
Potions
 b - a potion of attraction {unknown}
 c - a potion of mutation {unknown}
 d - 4 potions of curing {unknown}
 f - 2 potions of magic {unknown}
 o - 2 potions of lignification {unknown}
 u - a potion of heal wounds {unknown}
 z - a potion of degeneration {unknown}
 A - a potion of invisibility {unknown}


   Skills:
 + Level 5.3 Fighting
 * Level 3.9(5.1) Axes
 + Level 5.0(5.7) Maces & Flails
 + Level 4.7 Armour
 + Level 3.1 Dodging


You had 5 spell levels left.
You didn't know any spells.
Your spell library was empty.

Dungeon Overview and Level Annotations

Branches:
Dungeon (4/15)
 Temple: D:4-7

Altars:
Dithmenos


Innate Abilities, Weirdness & Mutations

You have a pair of horns on your head.
You reflexively headbutt those who attack you in melee.


Message History

Your skin stops crawling.
You feel less strong-willed.
There is an open door here.
There is an open door here.
There is an open door here.
A raiju comes into view.
The raiju barks!
The raiju bursts into living lightning!
The living lightning hits you.
The raiju blinks! x2
The raiju misses you. You furiously retaliate!
You headbutt the raiju.
Your skin crawls.
You feel strong-willed. The raiju bites you but does no damage.
Your skin crawls.
You feel strong-willed.
The raiju bursts into living lightning!
The living lightning hits you!!
The raiju blinks!
Your skin crawls.
You feel strong-willed.
You completely miss the raiju. Your headbutt misses the raiju.
The raiju is lightly wounded.
The raiju bites you. The raiju shocks you!
You barely miss the raiju. You headbutt the raiju!
The raiju is moderately wounded.
The raiju bites you but does no damage. The raiju bites you.
The raiju shocks you!
* * * LOW HITPOINT WARNING * * *
You hit the raiju. Your headbutt misses the raiju.
The raiju is heavily wounded.
The raiju bites you.
* * * LOW HITPOINT WARNING * * *
The raiju shocks you!
* * * LOW HITPOINT WARNING * * *
A raiju comes into view.
You barely miss the raiju.
The raiju is heavily wounded.
The raiju barks!
The raiju bites you.
* * * LOW HITPOINT WARNING * * *
The raiju shocks you!
You die...

.#. .. # ..#.# .
##.#.# ....# #..
.....# ....
###h..###...#
.ยง....#.@#......
. ... ..#.........
.....##.##.#.#.
...'..h..'...#
#.....#..#...# ##.
....###...# # ..
..'.....#'.##. ..
..#.## .... ....
..'#..##.#...'#...


You could see 2 raiju.

Vanquished Creatures
  A phantom (D:4)
  Crazy Yiuf (D:3)
  2 orc wizards
  4 gnolls
  4 adders
  A white imp (D:4)
  3 ribbon worms
  A dart slug (D:1)
  15 orcs
  5 ball pythons
  3 bats
  5 endoplasms
  7 giant cockroaches
  14 hobgoblins
  5 jackals
  10 kobolds
  A quokka (D:3)
  A frilled lizard (D:1)
  11 goblins
  4 rats
98 creatures vanquished.

Notes
Turn   | Place    | Note
-------+----------+-------------------------------------------
     0 | D:1      | n00bmints the Minotaur Berserker began the quest for the
                  | Orb.
     0 | D:1      | Reached XP level 1. HP: 19/19 MP: 0/0
    69 | D:1      | Reached XP level 2. HP: 27/27 MP: 1/1
    84 | D:1      | Found a faded altar of an unknown god.
   167 | D:1      | Reached XP level 3. HP: 26/33 MP: 2/2
   892 | D:2      | Found a shadowy altar of Dithmenos.
  1399 | D:3      | Reached XP level 4. HP: 41/41 MP: 3/3
  1406 | D:3      | Reached ** piety under Trog
  1749 | D:3      | Found a runed translucent door.
  1750 | D:3      | Noticed Crazy Yiuf
  1760 | D:3      | Killed Crazy Yiuf
  1761 | D:3      | Reached skill level 5 in Fighting
  1761 | D:3      | Reached skill level 1 in Axes
  1761 | D:3      | Reached XP level 5. HP: 48/48 MP: 4/4
  2405 | D:4      | Noticed a phantom
  2413 | D:4      | Killed a phantom
  2414 | D:4      | Reached skill level 5 in Maces & Flails
  2414 | D:4      | Reached XP level 6. HP: 51/56 MP: 5/5
  3137 | D:4      | Reached *** piety under Trog
  3174 | Abyss:1  | Cast into level 1 of the Abyss (orc)
  3206 | Abyss:1  | Noticed a raiju
  3215 | Abyss:1  | Noticed a raiju
  3216 | Abyss:1  | Slain by a raiju

Illustrated notes

Levels and vault maps discovered:
D:1:      co_arrival_random_square_maze, layout_loops_ring,
          hellmonk_ecumenical_altar_run_dry
D:2:      layout_basic, basic_altar
D:3:      layout_loops_cross, minmay_close_crescents, uniq_crazy_yiuf_cottage
D:4:      corexii_shantytown, layout_basic
Abyss:1:  base:
Temple

Skill      XL: |  1  2  3  4  5  6 |
---------------+-------------------+-----
Fighting       | 4 5 |  5.3
Maces & Flails | 4 5 |  5.0
Armour         | 3 4 |  4.7
Axes           | 1 2 3 |  3.9
Dodging        | 3 |  3.1

Action                     |  1- 3 |  4- 6 || total
---------------------------+-------+-------++-------
  Melee: Mace              |    59 |     7 ||    66
         Headbutt          |     7 |    18 ||    25
         Hand axe          |       |   119 ||   119
 Invoke: Berserk           |     1 |     1 ||     2
         Trog's Hand       |       |     8 ||     8
    Use: Scroll            |       |     4 ||     4
 Armour: Animal skin       |    31 |       ||    31
         Scale mail        |    13 |     9 ||    22
         Plate armour      |       |   106 ||   106
  Dodge: Dodged            |    59 |   100 ||   159

Table legend: (Time is in decaauts)
 A = Elapsed time spent in this place.
 B = Non-inter-level travel time spent in this place.
 C = Inter-level travel time spent in this place.
 D = Time resting spent in this place.
 E = Time spent auto-exploring this place.
 F = Levels seen in this place.
 G = Mean time per level.
                   A        B        C        D        E       F      G
               +--------+--------+--------+--------+--------+-----+--------+
         Total |   3318 |   3256 |     62 |      0 |   1612 |   5 |  663.6 |
       Dungeon |   3274 |   3212 |     62 |      0 |   1612 |   4 |  818.5 |
         Abyss |     44 |     44 |      0 |      0 |      0 |   1 |   44.0 |
               +--------+--------+--------+--------+--------+-----+--------+

Top non-repeatable levels by time:
     D:3: 992 daAuts
     D:4: 902 daAuts
     D:1: 749 daAuts
     D:2: 629 daAuts
 Abyss:1: 44 daAuts
